 Dungeon Crawl Stone Soup version 0.28-a0-631-g0446da8ef9 (webtiles) character file.

Game seed: 15617052466572914453

126046 pokeman the Sorcerer (level 16, 0/92 HPs)
             Began as a Deep Elf Hedge Wizard on Oct 9, 2021.
             Was the Champion of Vehumet.
             Slain by a wolf spider (5 damage)
             ... on level 2 of the Spider Nest.
             The game lasted 02:08:06 (34513 turns).

pokeman the Sorcerer (Deep Elf Hedge Wizard)       Turns: 34513, Time: 02:08:07

Health: 0/92       AC: 19    Str: 10 (11) XL:     16   Next: 42%
Magic:  1/55       EV: 13    Int: 24 (27) God:    Vehumet [******]
Gold:   2634       SH:  8    Dex: 20      Spells: 29/63 levels left

rFire   . . .      SeeInvis +   u - +6 long sword of Qoybumal {vorpal, rPois}
rCold   . . .      Faith    .   r - +2 buckler
rNeg    + . .      Spirit   .   c - +5 ring mail "Wiellik" {rN+ Will++ MP+9}
rPois   +          Reflect  .   M - +2 hat {SInv}
rElec   .          Harm     .   R - +1 cloak "Jour" {Str+4 Dex+4}
rCorr   .          Rampage  .   G - +1 pair of gloves
Will    +++..                   g - +0 pair of boots
Stlth   ++........              f - amulet of magic regeneration
HPRegen 0.25/turn               A - ring of wizardry
MPRegen 0.59/turn               v - ring of wizardry

@: no status effects
A: agile 1, sturdy frame 1
a: Renounce Religion


You were on level 2 of the Spider Nest.
You worshipped Vehumet.
Vehumet was exalted by your worship.
You visited 5 branches of the dungeon, and saw 27 of its levels.
You also visited: Gauntlet and Ice Cave.

You collected 2658 gold pieces.
You spent 24 gold pieces at shops.

Inventory:

Hand Weapons
 i - the +6 hunting sling "Xolo" {freeze, rElec Str+9 SInv}
   (You found it in an ice cave)

   Any ammunition fired from it freezes those it strikes, dealing additional
   cold damage.
   It can also slow down cold-blooded creatures.
   Str:       It affects your strength (+9).
   rElec:     It insulates you from electricity.
   SInv:      It lets you see invisible.
 u - the +6 long sword of Qoybumal (weapon) {vorpal, rPois}
   (You found it on level 3 of the Lair of Beasts)

   It inflicts extra damage upon your enemies.
   rPois:     It protects you from poison.
 S - a +5 shortbow of flaming
Missiles
 e - 674 arrows
Armour
 c - the +5 ring mail "Wiellik" (worn) {rN+ Will++ MP+9}
   (You found it on level 4 of the Dungeon)

   rN:        It protects you from negative energy.
   MP:        It affects your magic capacity (+9).
   Will:      It greatly increases your willpower.
 g - a +0 pair of boots (worn)
 r - a +2 buckler (worn)
 G - a +1 pair of gloves (worn)
 M - a +2 hat of see invisible (worn)
 R - the +1 cloak "Jour" (worn) {Str+4 Dex+4}
   (You found it in a Gauntlet)

   Str:       It affects your strength (+4).
   Dex:       It affects your dexterity (+4).
Magical Staves
 d - a staff of cold
 o - a staff of fire
 z - a staff of poison
Jewellery
 f - an amulet of magic regeneration (around neck)
 k - a +6 ring of strength
 t - a ring of positive energy
 v - a ring of wizardry (right hand)
 A - a ring of wizardry (left hand)
Wands
 m - a wand of iceblast (47)
 q - a wand of mindburst (28)
 V - a wand of digging (5)
Scrolls
 a - 3 scrolls of blinking
 b - 3 scrolls of magic mapping
 h - 5 scrolls of holy word
 x - 2 scrolls of silence
 y - 10 scrolls of teleportation
 B - a scroll of brand weapon
 F - a scroll of enchant weapon
 N - a scroll of torment {unknown}
 Q - 2 scrolls of summoning {unknown}
 W - 2 scrolls of enchant armour {unknown}
 X - 2 scrolls of acquirement {unknown}
Potions
 j - 3 potions of attraction {unknown}
 l - 8 potions of curing
 p - 9 potions of heal wounds
 s - a potion of brilliance {unknown}
 w - a potion of ambrosia {unknown}
 E - 2 potions of haste
 L - 2 potions of magic
Miscellaneous
 n - a lightning rod (4/4)
 T - a box of beasts
 U - a tin of tremorstones (2/2)
 Y - a condenser vane


   Skills:
 + Level 7.7 Fighting
 - Level 7.0 Armour
 - Level 4.1 Dodging
 - Level 3.0 Stealth
 - Level 4.0 Shields
 * Level 24.1 Spellcasting
 + Level 14.8 Conjurations
 - Level 2.3 Hexes
 + Level 10.7 Summonings
 - Level 1.1 Translocations
 - Level 1.0 Transmutations
 - Level 10.0 Fire Magic
 - Level 1.1 Ice Magic
 - Level 1.0 Air Magic
 - Level 1.2 Earth Magic
 - Level 1.1 Poison Magic
 - Level 1.0 Evocations


You had 29 spell levels left.
You knew the following spells:

 Your Spells              Type           Power      Damage    Failure   Level
a - Magic Dart            Conj           100%       1d8       0%          1
b - Mephitic Cloud        Conj/Pois/Air  54%        N/A       1%          3
c - Call Imp              Summ           69%        N/A       1%          2
d - Blink                 Tloc           N/A        N/A       1%          2
e - Conjure Flame         Conj/Fire      73%        6-21      1%          3
f - Foxfire               Conj/Fire      100%       2x1d9     0%          1
g - Stone Arrow           Conj/Erth      100%       3d13      1%          3
h - Wereblood             Tmut           33%        N/A       1%          2
i - Flame Wave            Conj/Fire      73%        3d13      1%          4
j - Lehudib's Crystal Sp  Conj/Erth      30%        10d8      41%         8
k - Freezing Cloud        Conj/Ice/Air   27%        6-21      1%          5

Your spell library contained the following spells:

 Spells                   Type           Power      Damage    Failure   Level
 Spellforged Servitor     Conj/Summ      37%        N/A       1%          7
 Beastly Appendage        Tmut           66%        N/A       1%          1
 Sandblast                Erth           68%        2d15      1%          1
 Corpse Rot               Necr/Air       N/A        N/A       1%          2
 Passwall                 Tmut/Erth      28%        N/A       1%          2
 Poisonous Vapours        Pois/Air       68%        N/A       1%          2
 Slow                     Hex            40%        N/A       1%          2
 Sublimation of Blood     Necr           14%        N/A       1%          2
 Confusing Touch          Hex            40%        N/A       1%          3
 Inner Flame              Hex/Fire       55%        N/A       1%          3
 Lesser Beckoning         Tloc           34%        N/A       1%          3
 Portal Projectile        Hex/Tloc       74%        N/A       1%          3
 Spider Form              Tmut/Pois      17%        N/A       1%          3
 Vampiric Draining        Necr           14%        2d8       1%          3
 Summon Lightning Spire   Summ/Air       55%        N/A       1%          4
 Summon Forest            Summ/Tloc      27%        N/A       1%          5
 Summon Mana Viper        Hex/Summ       57%        N/A       1%          5
 Conjure Ball Lightning   Conj/Air       30%        3x3d10    1%          6
 Summon Cactus Giant      Summ           34%        N/A       1%          6
 Passage of Golubria      Tloc           N/A        N/A       3%          4
 Animate Dead             Necr           14%        N/A       5%          4
 Summon Hydra             Summ           34%        N/A       5%          7
 Silence                  Hex/Air        18%        N/A       7%          5
 Manifold Assault         Tloc           34%        N/A       9%          5
 Blade Hands              Tmut           16%        N/A       10%         5
 Borgnjor's Vile Clutch   Necr/Erth      15%        N/A       11%         5
 Excruciating Wounds      Necr           14%        N/A       13%         5
 Simulacrum               Ice/Necr       15%        N/A       47%         6
 Death Channel            Necr           14%        N/A       54%         6
 Polar Vortex             Ice            17%        N/A       100%        9


Dungeon Overview and Level Annotations

Branches:
Dungeon (15/15)            Temple (1/1) D:7            Lair (6/6) D:8
 Shoals (0/4) Lair:2       Spider (3/4) Lair:2        Slime (0/5) Lair:6
    Orc (2/2) D:11            Elf (0/3) Orc:2        Vaults (0/5) D:14
  IceCv (visited)         Gauntlet (visited)
 Depths: D:15

Altars:
Ashenzari
Elyvilon
Fedhas
Gozag
Kikubaaqudgha
Makhleb
Nemelex Xobeh
Qazlal
Vehumet
Wu Jian
Yredelemnul
Zin
The Shining One
Beogh
Jiyva
Lugonu

Shops:
D:6 *   D:7 *   D:10 *   Orc:2 =*[

Annotations:
D:6 3 runed translucent doors, willcat's ghost, weakling HuDe
D:8 2 transporters
Spider:3 Agnes
Orc:2 Saint Roka


Innate Abilities, Weirdness & Mutations

You are agile. (Dex +2)
Your movements are slightly less encumbered by armour. (ER -2)


Message History

The wolf spider is engulfed in freezing vapours.
The wolf spider closely misses you. You block the wolf spider's attack.
The wolf spider misses you. The wolf spider bites you!
* * * LOW HITPOINT WARNING * * *
The tarantella barely misses you.
The wolf spider is engulfed in freezing vapours.
The wolf spider misses you.
The wolf spider bites you but does no damage.
The wolf spider hits you!
* * * LOW HITPOINT WARNING * * *
The wolf spider bites you but does no damage.
The ghost moth is engulfed in freezing vapours.
The ghost moth stares at you.
You feel your power leaking away. The ghost moth barely misses you.
The ghost moth hits you but does no damage.
The ghost moth barely misses you. The tarantella barely misses you.
Casting: Stone Arrow (safe; 1% risk of failure)
Confirm with . or Enter, or press ? or * to list all spells.
You blink.
The wolf spider is engulfed in freezing vapours.
The ghost moth is engulfed in freezing vapours.
The ghost moth stares at you.
You feel your power leaking away. The ghost moth stares at you.
You feel your power leaking away. The ghost moth stares at you.
The wolf spider hits you but does no damage.
The wolf spider bites you but does no damage.
The ghost moth stares at you.
You feel your power leaking away. The wolf spider hits you!
* * * LOW HITPOINT WARNING * * *
You block the wolf spider's attack. The tarantella misses you.
There is a stone staircase leading up, spattered with blood here.
Unknown command.
The wolf spider hits you but does no damage.
The wolf spider bites you but does no damage.
The wolf spider hits you.
You die...

##### ### ###### #######...####
###.###.#..#
.##.#.#...^..####..........#
.............#............##
..........................^#
................@sy........#
................ss........^#
............^.....)........##
......................<.....##
.<...........................##
......................§§.)....#
......................§§..^..##
...................)..§§.....###
..........[.................##.#


You could see a ghost moth (invisible), 2 wolf spiders and a tarantella.

Vanquished Creatures
  Arachne (Spider:2)
  Jorgrun (Orc:1)
  Kirke (Lair:5)
  An azure jelly (IceCv)
  A ghost moth (Spider:1)
  An emperor scorpion (Spider:2)
  An orc warlord (Orc:2)
  A quicksilver ooze (IceCv)
  2 spark wasps (Spider:2)
  A minotaur (Gauntlet)
  Snorg (Orc:2)
  Josephine (D:13)
  Harold (D:9)
  5 boulder beetles
  10 hydras
  2 death knights
  4 two-headed ogres
  A catoblepas (Lair:5)
  4 centaur warriors
  2 dancing weapons (D:14)
  6 orc high priests
  4 death yaks
  2 fire crabs
  2 orc knights
  A phantasmal warrior (D:14)
  14 wolf spiders
  5 lindwurms
  Pikel (D:9)
  2 deep elf pyromancers
  5 orc sorcerers
  7 orb spiders
  2 ugly things
  A shining eye (Gauntlet)
  2 manticores (D:12)
  A moth of wrath (Spider:1)
  2 oklob plants
  4 cyclopes
  Maurice (D:9)
  A merfolk siren (Lair:2)
  2 ice statues (IceCv)
  13 elephants
  7 black mambas
  Joseph (D:7)
  A gargoyle (D:11)
  2 kobold demonologists
  2 torpor snails
  4 freezing wraiths
  Psyche (D:9)
  18 cane toads
  An unseen horror (shapeshifter) (D:13)
  2 entropy weaver simulacra (IceCv)
  6 demonic crawlers
  6 rime drakes
  11 komodo dragons
  5 hornets (Spider:2)
  6 polar bears
  13 jumping spiders
  13 blink frogs
  6 trolls
  6 dream sheep (Lair:6)
  22 slime creatures
  34 redbacks
  A centaur simulacrum (D:15)
  Sigmund (D:2)
  5 spriggans (Lair:2)
  12 tarantellas
  A vampire (D:10)
  5 wraiths
  6 wyverns
  Eustachio (D:6)
  4 basilisks
  35 yaks
  3 water elementals (D:12)
  2 fire bats (Gauntlet)
  5 hogs (Lair:5)
  2 golden eyes (Gauntlet)
  2 vampire mosquitoes (D:13)
  4 wargs
  12 water moccasins
  5 demonic crawler simulacra (IceCv)
  3 acid dragons
  Duvessa (D:4)
  An ice beast (D:6)
  30 orc warriors
  3 hornet zombies
  3 ugly thing simulacra (IceCv)
  6 ogres
  3 black bears
  34 wolves
  17 centaurs
  7 necrophages
  A lemure (D:9)
  A kobold brigand (D:8)
  20 bullfrogs
  A glowing shapeshifter simulacrum (IceCv)
  A scorpion (D:6)
  A wyvern zombie (D:9)
  A water moccasin zombie (D:7)
  Dowan (D:4)
  2 water moccasin skeletons (D:5)
  6 killer bees (D:8)
  8 wights
  5 electric eels
  10 howler monkeys
  A lava snake (Lair:5)
  6 centaur zombies
  A hound (D:5)
  A gnoll shaman (D:5)
  22 orc priests
  4 jellies
  A centaur skeleton (D:7)
  Jessica (D:2)
  5 iguanas
  21 orc wizards
  A hell rat (Lair:6)
  3 killer bee zombies (D:8)
  A hound skeleton (D:5)
  3 howler monkey zombies
  6 gnolls (D:5)
  6 adders
  A shadow imp (D:6)
  16 white imps
  2 ufetubi
  2 adder skeletons (D:4)
  2 worms (D:4)
  A dart slug (D:1)
  66 orcs
  5 ball pythons
  6 bats
  18 endoplasms
  3 giant cockroaches
  7 goblins
  8 hobgoblins
  2 jackals (D:1)
  3 quokkas
  2 frilled lizards (D:3)
  11 kobolds
  3 rats
800 creatures vanquished.

Vanquished Creatures (others)
  A lava snake (Lair:5)
  An orc (Orc:2)
  14 demonic plants (Gauntlet)
  320 foxfires
  69 fungi
  69 plants
  3 withered plants (D:3)
477 creatures vanquished.

Grand Total: 1277 creatures vanquished

Notes
Turn   | Place    | Note
-------+----------+-------------------------------------------
     0 | D:1      | pokeman the Deep Elf Hedge Wizard began the quest for the
                  | Orb.
     0 | D:1      | Reached XP level 1. HP: 10/10 MP: 7/7
   402 | D:1      | Reached XP level 2. HP: 6/16 MP: 2/9
  1309 | D:2      | Noticed Jessica
  1315 | D:2      | Killed Jessica
  1316 | D:2      | Reached skill level 1 in Armour
  1316 | D:2      | Reached skill level 5 in Spellcasting
  1316 | D:2      | Reached XP level 3. HP: 11/20 MP: 5/11
  1319 | D:2      | Learned a level 2 spell: Slow
  1322 | D:2      | Learned a level 2 spell: Blink
  1325 | D:2      | Learned a level 2 spell: Call Imp
  1329 | D:2      | Learned a level 3 spell: Mephitic Cloud
  1497 | D:2      | Reached skill level 1 in Fighting
  1741 | D:2      | Noticed Sigmund
  2196 | D:2      | Reached XP level 4. HP: 25/25 MP: 11/13
  2200 | D:2      | Learned a level 3 spell: Conjure Flame
  2401 | D:2      | Killed Sigmund
  2402 | D:2      | Reached skill level 6 in Spellcasting
  2402 | D:2      | Reached XP level 5. HP: 17/29 MP: 9/15
  3216 | D:3      | Reached XP level 6. HP: 34/34 MP: 3/17
  3353 | D:3      | Found a faded altar of an unknown god.
  3538 | D:3      | You fall into a shaft and drop 1 floor!
  3593 | D:3      | Learned a level 3 spell: Stone Arrow
  3642 | D:4      | Noticed Duvessa
  3642 | D:4      | Noticed Dowan
  3649 | D:4      | Killed Dowan
  3650 | D:4      | Reached skill level 7 in Spellcasting
  3650 | D:4      | Reached skill level 1 in Fire Magic
  3660 | D:4      | Killed Duvessa
  3964 | D:4      | Reached skill level 1 in Air Magic
  4030 | D:4      | Reached XP level 7. HP: 38/38 MP: 17/20
  4093 | D:4      | Found a blossoming altar of Fedhas.
  4107 | D:4      | Identified the +5 ring mail "Wiellik" {rN+ Will++ MP+9}
  4325 | D:5      | Entered Level 5 of the Dungeon
  4553 | D:5      | Reached skill level 1 in Earth Magic
  4669 | D:5      | Reached skill level 8 in Spellcasting
  4669 | D:5      | Reached skill level 1 in Evocations
  5009 | D:5      | Reached skill level 1 in Poison Magic
  5412 | D:5      | Reached XP level 8. HP: 38/44 MP: 11/22
  5681 | D:5      | Reached skill level 9 in Spellcasting
  6143 | D:6      | Reached skill level 5 in Conjurations
  6258 | D:6      | Noticed Eustachio
  6292 | D:6      | Killed Eustachio
  6293 | D:6      | Reached skill level 10 in Spellcasting
  6394 | D:6      | Found Cynet's General Store.
  6834 | D:6      | Found a runed translucent gate.
  6835 | D:6      | Found a runed translucent gate.
  6836 | D:6      | Found a runed translucent gate.
  6836 | D:6      | Noticed willcat's ghost (weakling HuDe)
  6837 | D:6      | Noticed a kobold demonologist
  7138 | D:7      | Found a staircase to the Ecumenical Temple.
  7149 | Temple   | Entered the Ecumenical Temple
  7170 | Temple   | Became a worshipper of Vehumet
  7198 | D:7      | Reached XP level 9. HP: 41/48 MP: 25/25
  7332 | D:7      | Noticed Joseph
  7347 | D:7      | Killed Joseph
  7348 | D:7      | Reached skill level 11 in Spellcasting
  7479 | D:7      | Found an ornate altar of the Wu Jian Council.
  7901 | D:7      | Found Zusor's General Store.
  7916 | D:7      | Bought a scroll of identify for 24 gold pieces
  7927 | D:7      | Found a white marble altar of Elyvilon.
  8177 | D:7      | Reached * piety under Vehumet
  8177 | D:7      | Offered knowledge of Freeze by Vehumet.
  8590 | D:8      | Reached skill level 12 in Spellcasting
  8637 | D:8      | Noticed a two-headed ogre
  8941 | D:8      | Killed a two-headed ogre
  8942 | D:8      | Reached XP level 10. HP: 39/56 MP: 28/28
  9040 | D:8      | Found a basalt altar of Yredelemnul.
  9109 | D:8      | Reached ** piety under Vehumet
  9109 | D:8      | Offered knowledge of Scorch by Vehumet.
  9354 | D:8      | Found an ancient bone altar of Kikubaaqudgha.
  9471 | D:8      | Found a corrupted altar of Lugonu.
  9471 | D:8      | Noticed a purple ugly thing
  9472 | D:8      | Noticed a red ugly thing
  9497 | D:8      | Found a staircase to the Lair.
  9569 | D:8      | Found a transporter.
  9571 | D:8      | Found a transporter.
  9613 | D:8      | Reached skill level 13 in Spellcasting
  9812 | D:8      | Found a stormy altar of Qazlal.
 10001 | D:9      | Noticed Pikel
 10012 | D:9      | Killed Pikel
 10013 | D:9      | Reached skill level 5 in Fire Magic
 10173 | D:9      | Found a burning altar of Makhleb.
 10202 | D:9      | Noticed Psyche
 10208 | D:9      | Noticed a two-headed ogre
 10208 | D:9      | Noticed Maurice
 10211 | D:9      | Killed Psyche
 10212 | D:9      | Reached skill level 14 in Spellcasting
 10220 | D:9      | Offered knowledge of Dazzling Flash by Vehumet.
 10224 | D:9      | Killed a two-headed ogre
 10230 | D:9      | Killed Maurice
 10547 | D:9      | Noticed Harold
 10593 | D:9      | Killed Harold
 10594 | D:9      | Reached XP level 11. HP: 48/61 MP: 31/31
 10753 | D:10     | Entered Level 10 of the Dungeon
 10986 | D:10     | Found Gufum's General Store.
 11160 | D:10     | Learned a level 2 spell: Wereblood
 11360 | D:10     | Reached *** piety under Vehumet
 11537 | D:11     | Found a gate leading to a gauntlet.
 11552 | Gauntlet | Entered a Gauntlet
 11552 | Gauntlet | Found a transporter.
 11553 | Gauntlet | Found a large runed translucent door.
 11554 | Gauntlet | Found a large runed translucent door.
 11555 | Gauntlet | Found a large runed translucent door.
 11555 | Gauntlet | Found a large runed translucent door.
 11555 | Gauntlet | Found a runed translucent door.
 11556 | Gauntlet | Found a large runed translucent door.
 11557 | Gauntlet | Found a large runed translucent door.
 11558 | Gauntlet | Found a large runed translucent door.
 11558 | Gauntlet | Found a large runed translucent door.
 11559 | Gauntlet | Found a runed translucent gate.
 11559 | Gauntlet | Found a runed translucent gate.
 11559 | Gauntlet | Noticed a fire crab
 11561 | Gauntlet | Found a transporter.
 11569 | Gauntlet | Found a runed translucent gate.
 11569 | Gauntlet | Found a runed translucent door.
 11570 | Gauntlet | Found a large runed translucent door.
 11570 | Gauntlet | Found a large runed translucent door.
 11571 | Gauntlet | Found a large runed translucent door.
 11572 | Gauntlet | Found a large runed translucent door.
 11576 | Gauntlet | Found a transporter.
 11581 | Gauntlet | Found a transporter.
 11595 | Gauntlet | Noticed a death yak
 11596 | Gauntlet | Noticed a death yak
 11598 | Gauntlet | Noticed a necromancer
 11600 | Gauntlet | Noticed a death yak
 11601 | Gauntlet | Noticed a death yak
 11601 | Gauntlet | Noticed a death yak
 11602 | Gauntlet | Found a transporter.
 11602 | Gauntlet | Noticed a death yak
 11618 | Gauntlet | Found a transporter.
 11625 | Gauntlet | Noticed a cyan ugly thing
 11625 | Gauntlet | Noticed a glowing orange brain
 11627 | Gauntlet | Found a transporter.
 11628 | Gauntlet | Noticed a glowing orange brain
 11639 | Gauntlet | Found a transporter.
 11639 | Gauntlet | Noticed an orange crystal statue
 11645 | Gauntlet | Found a transporter.
 11645 | Gauntlet | Found a transporter.
 11659 | Gauntlet | Noticed a reaper
 11660 | Gauntlet | Found a transporter.
 11671 | Gauntlet | Noticed a fire crab
 11672 | Gauntlet | Found a transporter.
 11689 | Gauntlet | Found a transporter.
 11707 | Gauntlet | Found a transporter.
 11709 | Gauntlet | Found a transporter.
 11726 | Gauntlet | Noticed a fire crab
 11737 | Gauntlet | Found a transporter.
 11737 | Gauntlet | Found a transporter.
 11742 | Gauntlet | Noticed a shining eye
 11753 | Gauntlet | Found a large runed translucent door.
 11753 | Gauntlet | Found a large runed translucent door.
 11754 | Gauntlet | Found a large runed translucent door.
 11755 | Gauntlet | Found a large runed translucent door.
 11757 | Gauntlet | Found a transporter.
 11963 | Gauntlet | Killed a shining eye
 11964 | Gauntlet | Reached skill level 1 in Transmutations
 11997 | Gauntlet | Identified the +1 cloak "Jour" {Str+4 Dex+4}
 12053 | Gauntlet | Killed a fire crab
 12054 | Gauntlet | Reached skill level 15 in Spellcasting
 12146 | Gauntlet | Identified the amulet of Atainuw {Acrobat Str+2}
 12163 | Gauntlet | Noticed a minotaur
 12212 | Gauntlet | HP: 1/61 [minotaur/javelin (16)]
 12229 | Gauntlet | HP: 1/61 [minotaur (4)]
 12244 | Gauntlet | HP: 2/61 [minotaur/javelin (11)]
 12248 | Gauntlet | Killed a minotaur
 12249 | Gauntlet | Reached skill level 1 in Shields
 12249 | Gauntlet | Reached skill level 5 in Summonings
 12543 | Gauntlet | Got Gaoxzacw's Catalogue of Gliding Conjuration
 12565 | Gauntlet | Killed a death yak
 12918 | D:11     | Gained mutation: Your flesh is heat resistant. (rF+)
                  | [potion of mutation]
 12918 | D:11     | Gained mutation: You are weak. (Str -2) [potion of
                  | mutation]
 12918 | D:11     | Lost mutation: Your flesh is heat resistant. (rF+) [potion
                  | of mutation]
 12948 | D:11     | Noticed a soul eater
 12999 | D:11     | Found a staircase to the Orcish Mines.
 13348 | D:11     | Reached skill level 16 in Spellcasting
 13648 | D:11     | Noticed a seven-headed hydra
 13661 | D:11     | Killed a seven-headed hydra
 13845 | D:12     | Offered knowledge of Flame Wave by Vehumet.
 13853 | D:12     | Noticed a deep elf pyromancer
 13864 | D:12     | Killed a deep elf pyromancer
 14021 | D:12     | Noticed a cyan ugly thing
 14086 | D:12     | Killed a cyan ugly thing
 14087 | D:12     | Reached XP level 12. HP: 41/66 MP: 29/34
 14430 | D:12     | Learned a level 4 spell: Flame Wave
 14432 | D:12     | Learned a level 1 spell: Foxfire
 14436 | D:12     | Noticed a boulder beetle
 14470 | D:12     | Killed a boulder beetle
 14696 | D:12     | Noticed a two-headed ogre
 14712 | D:12     | Killed a two-headed ogre
 14713 | D:12     | Reached skill level 10 in Conjurations
 14797 | D:12     | Reached skill level 17 in Spellcasting
 15230 | D:13     | Noticed a centaur warrior
 15235 | D:13     | Killed a centaur warrior
 15350 | D:13     | Learned a level 8 spell: Lehudib's Crystal Spear
 15418 | D:13     | Noticed a centaur warrior
 15426 | D:13     | Killed a centaur warrior
 15660 | D:13     | Reached **** piety under Vehumet
 15827 | D:13     | Noticed a death knight
 15851 | D:13     | Killed a death knight
 16001 | D:13     | Noticed a centaur warrior
 16006 | D:13     | Offered knowledge of Freezing Cloud by Vehumet.
 16010 | D:13     | Killed a centaur warrior
 16186 | D:13     | Noticed Josephine
 16190 | D:13     | Reached skill level 18 in Spellcasting
 16195 | D:13     | Killed Josephine
 16196 | D:13     | Reached skill level 5 in Armour
 16352 | D:14     | Noticed a boulder beetle
 16352 | D:14     | Noticed a death knight
 16407 | D:14     | Noticed a two-headed ogre
 16412 | D:14     | Killed a two-headed ogre
 16466 | D:14     | Reached XP level 13. HP: 48/70 MP: 25/37
 16929 | D:14     | Identified the +8 hunting sling "Cimm" {venom, rElec Str-3
                  | Stlth+}
 16945 | D:14     | Found a gate to the Vaults.
 17746 | D:15     | Entered Level 15 of the Dungeon
 17827 | D:15     | Noticed a fire dragon
 18005 | Lair:1   | Entered Level 1 of the Lair of Beasts
 18013 | Lair:1   | Found a frozen archway.
 18022 | IceCv    | Entered an ice cave
 18354 | IceCv    | Reached ***** piety under Vehumet
 18448 | IceCv    | Offered knowledge of Fulminant Prism by Vehumet.
 18449 | IceCv    | Reached skill level 19 in Spellcasting
 18732 | IceCv    | Learned a level 5 spell: Freezing Cloud
 18940 | IceCv    | HP: 3/72 [entropy weaver simulacrum (37)]
 18942 | IceCv    | Reached skill level 5 in Fighting
 19671 | IceCv    | Reached skill level 1 in Ice Magic
 19820 | IceCv    | Found a viscous altar of Jiyva.
 19820 | IceCv    | Noticed an azure jelly
 19833 | IceCv    | Noticed a quicksilver ooze
 19834 | IceCv    | Killed an azure jelly
 19843 | IceCv    | Killed a quicksilver ooze
 19894 | IceCv    | Got the +6 hunting sling "Xolo" {freeze, rElec Str+9 SInv}
 20673 | Lair:1   | Found an opulent altar of Gozag.
 21131 | Lair:2   | Found a hole to the Spider Nest.
 21447 | Lair:2   | Found a staircase to the Shoals.
 21513 | Lair:2   | Reached skill level 20 in Spellcasting
 21688 | Lair:2   | Reached XP level 14. HP: 74/79 MP: 39/40
 22972 | Lair:3   | Offered knowledge of Sticky Flame by Vehumet.
 23101 | Lair:3   | Identified the +6 long sword of Qoybumal {vorpal, rPois}
 24424 | Lair:4   | Reached skill level 21 in Spellcasting
 25381 | Lair:5   | Noticed Kirke
 25389 | Lair:5   | Killed Kirke
 25964 | Lair:5   | Found a runed translucent door.
 26148 | Lair:5   | Identified the +9 whip of Rotation {vorpal, rElec rN+
                  | Will+}
 26163 | Lair:5   | Found a runed translucent gate.
 26163 | Lair:5   | Found a runed translucent gate.
 26163 | Lair:5   | Found a runed translucent gate.
 26163 | Lair:5   | Found a runed translucent gate.
 26163 | Lair:5   | Found a runed translucent gate.
 26163 | Lair:5   | Found a runed translucent gate.
 26443 | Lair:6   | Entered Level 6 of the Lair of Beasts
 26454 | Lair:6   | Reached XP level 15. HP: 84/84 MP: 37/42
 26696 | Lair:6   | Reached skill level 22 in Spellcasting
 26711 | Lair:6   | Reached ****** piety under Vehumet
 26725 | Lair:6   | Found an ancient bone altar of Kikubaaqudgha.
 26787 | Lair:6   | Found a viscous altar of Jiyva.
 26789 | Lair:6   | Found a staircase to the Slime Pits.
 26835 | Lair:6   | Offered knowledge of Lee's Rapid Deconstruction by Vehumet.
 27476 | Lair:6   | Reached skill level 10 in Fire Magic
 28271 | Orc:1    | Entered Level 1 of the Orcish Mines
 28567 | Orc:1    | Noticed Jorgrun
 28577 | Orc:1    | Killed Jorgrun
 29190 | Orc:2    | Entered Level 2 of the Orcish Mines
 29191 | Orc:2    | Found a staircase to the Elven Halls.
 29258 | Orc:2    | Noticed Snorg
 29383 | Orc:2    | Found Veghuif's Antique Armour Emporium.
 29398 | Orc:2    | Reached skill level 23 in Spellcasting
 29457 | Orc:2    | Killed Snorg
 29469 | Orc:2    | Noticed Saint Roka
 29494 | Orc:2    | Found Muahaq's Jewellery Shop.
 29799 | Orc:2    | Noticed an orc warlord
 29812 | Orc:2    | Killed an orc warlord
 29988 | Orc:2    | Found Ipynap's General Store.
 30680 | Spider:1 | Entered Level 1 of the Spider Nest
 30685 | Spider:1 | Offered knowledge of Iskenderun's Battlesphere by Vehumet.
 30852 | Spider:2 | Noticed a ghost moth
 31066 | Spider:1 | Reached skill level 10 in Summonings
 31099 | Spider:1 | Reached XP level 16. HP: 92/92 MP: 39/45
 32235 | Spider:2 | HP: 3/92 [spark wasp (12)]
 33134 | Spider:2 | Offered knowledge of Spellforged Servitor by Vehumet.
 33598 | Spider:2 | Reached skill level 24 in Spellcasting
 34108 | Spider:3 | Noticed Arachne
 34135 | Spider:2 | Killed Arachne
 34143 | Spider:2 | HP: 4/92 [poisoned by Arachne (bolt of poison)]
 34211 | Spider:2 | Lost mutation: You are weak. (Str -2) [potion of mutation]
 34211 | Spider:2 | Gained mutation: Your movements are slightly less
                  | encumbered by armour. (ER -2) [potion of mutation]
 34211 | Spider:2 | Gained mutation: You are agile. (Dex +2) [potion of
                  | mutation]
 34500 | Spider:3 | Noticed Agnes
 34512 | Spider:2 | HP: 4/92 [wolf spider (8)]
 34513 | Spider:2 | Slain by a wolf spider

Illustrated notes

Levels and vault maps discovered:
D:1:      nzn_arrival_depleted_hourglass, layout_loops_corners
D:2:      layout_loops_corners, grunt_decor_fettered, minmay_pentomino_u4,
          uniq_jessica, uniq_sigmund
D:3:      layout_rooms, ebering_ecumenical_altar_petrified, minmay_liquid_box
D:4:      layout_rooms, fedhas_altar_1, serial_bayou_pond_a, uniq_duvessa
D:5:      minmay_inner_zag, layout_loops_ring, serial_bayou_lake_a
D:6:      layout_rooms, serial_shops, shop, gammafunk_ghost_nasty_kobolds,
          uniq_eustachio
D:7:      layout_basic, lemuel_coloured_pillars_altar,
          mainiacjoe_overflow_small_starburst,
          minmay_temple_entry_drinking_statues, serial_corexii_hall,
          corexii_hall_statues_deadend, corexii_hall_statues_t, serial_shops,
          shop, uniq_joseph
D:8:      gammafunk_corrupted_shrine, layout_cave_pools,
          nicolae_yredelemnul_corpse_copse, kiku_gazebo_pond_becter,
          marbit_many_paths
D:9:      layout_big_octagon, mainiacjoe_overflow_concentric_impassable,
          uniq_harold, uniq_pikel, uniq_psyche, uniq_maurice
D:10:     layout_gridville, serial_shops, shop
D:11:     layout_basic, david_orc_3, gauntlet_entry_generic
D:12:     layout_basic
D:13:     layout_gridville, uniq_josephine
D:14:     layout_cave_pools, erik_vaults_1
D:15:     grunt_enter_depths_hoard, layout_rooms
Temple:   regret_index_temple_waves
Lair:1:   lemuel_slime, layout_chaotic_city, portal_ice_cave_entry_imps,
          basic_altar
Lair:2:   kb_forest_paths, layout_chaotic_city,
          minmay_shoals_entry_lonely_mermaid, spider_nest_entry_funnel_web,
          nicolae_quartered_pool_little, roderic_carrion_pond,
          serial_bayou_shore_b
Lair:3:   layout_cave_pods, chequers_serial_rivers_small_b, beast_lair_carwin_5,
          grunt_megastairs_5, serial_bayou_shore_a
Lair:4:   layout_roguey, beast_lair_carwin_11, lemuel_fruit_tree
Lair:5:   gammafunk_indiana_jones, layout_cave_shapes, beast_lair_carwin_4,
          uniq_kirke
Lair:6:   hangedman_lair_in_review, layout_regular_city, slime_altar_1,
          lemuel_oklob_altar
Spider:1: layout_spider_delve, hangedman_spider_tarantella_strand
Spider:2: cheibrodos_forgotten_conduit, guppyfry_hornet_nest
Spider:3: layout_spider_delve, nicolae_spider_some_kinda_spiderbox,
          uniq_asterion, uniq_arachne, uniq_agnes
Orc:1:    layout_caves, minmay_orc_temple_c, uniq_jorgrun
Orc:2:    grunt_orc_gardens, layout_caves, grunt_orc_garden, grunt_orc_garden,
          grunt_orc_garden, grunt_orc_garden, basic_altar, uniq_snorg,
          uniq_saint_roka

Skill      XL: |  1  2  3  4  5  6  7  8  9 10 11 12 13 14 15 16 |
---------------+-------------------------------------------------+-----
Armour         | 1 2 3 4 5 6 7 |  7.0
Spellcasting   | 5 6 7 8 10 12 14 16 18 20 21 23 24 | 24.1
Fighting       | 1 2 3 4 5 6 7 |  7.7
Conjurations   | 2 3 4 5 7 8 9 10 12 13 14 | 14.8
Dodging        | 3 4 |  4.1
Hexes          | 2 |  2.3
Fire Magic     | 1 3 4 6 7 8 9 10 | 10.0
Air Magic      | 1 |  1.0
Stealth        | 3 |  3.0
Earth Magic    | 1 |  1.2
Evocations     | 1 |  1.0
Poison Magic   | 1 |  1.1
Summonings     | 2 4 6 7 8 9 10 | 10.7
Transmutations | 1 |  1.0
Shields        | 3 4 |  4.0
Ice Magic      | 1 |  1.1
Translocations | |  1.1

Action                   |  1- 3 |  4- 6 |  7- 9 | 10-12 | 13-15 | 16-18 || total
-------------------------+-------+-------+-------+-------+-------+-------++-------
Melee: Short sword       |       |    17 |     3 |       |       |       ||    20
       War axe           |       |       |    12 |       |       |       ||    12
       Dagger            |       |       |    49 |    49 |    30 |       ||   128
       Staff             |       |       |       |       |    25 |       ||    25
       Long sword        |       |       |       |       |     3 |     3 ||     6
 Fire: Shortbow          |       |       |     5 |       |       |       ||     5
 Cast: Magic Dart        |    68 |   117 |   249 |   117 |     2 |     2 ||   555
       Call Imp          |     4 |       |     1 |     6 |       |       ||    11
       Mephitic Cloud    |     2 |     6 |    20 |    61 |    19 |     4 ||   112
       Blink             |     1 |       |     1 |    18 |    27 |    13 ||    60
       Conjure Flame     |       |     6 |    37 |    36 |    13 |       ||    92
       Stone Arrow       |       |       |     4 |   150 |   418 |   159 ||   731
       Slow              |       |       |       |     2 |       |       ||     2
       Foxfire           |       |       |       |    23 |   160 |     6 ||   189
       Flame Wave        |       |       |       |    10 |    43 |     1 ||    54
       Freezing Cloud    |       |       |       |       |   103 |    32 ||   135
Evoke: Wand              |       |       |       |    12 |       |     3 ||    15
       Box of beasts     |       |       |       |       |     1 |     1 ||     2
  Use: Scroll            |       |       |       |    14 |     5 |     6 ||    25
       Potion            |       |       |       |     4 |       |     2 ||     6
 Stab: Confused          |       |       |     4 |     1 |     2 |       ||     7
Armor: Robe              |     6 |     1 |       |       |       |       ||     7
       Leather armour    |       |     8 |    15 |       |       |       ||    23
       Ring mail         |       |       |    41 |    92 |   128 |    82 ||   343
Dodge: Dodged            |    11 |    20 |    87 |   102 |   132 |    77 ||   429
Block: Buckler           |       |       |       |       |    65 |    63 ||   128

Table legend: (Time is in decaauts)
 A = Elapsed time spent in this place.
 B = Non-inter-level travel time spent in this place.
 C = Inter-level travel time spent in this place.
 D = Time resting spent in this place.
 E = Time spent auto-exploring this place.
 F = Levels seen in this place.
 G = Mean time per level.
                   A        B        C        D        E       F      G
               +--------+--------+--------+--------+--------+-----+--------+
         Total |  34648 |  32604 |   2044 |   5615 |  21206 |  29 | 1194.8 |
       Dungeon |  17207 |  15799 |   1408 |   1149 |  12033 |  15 | 1147.1 |
        Temple |    109 |     83 |     26 |      0 |     14 |   1 |  109.0 |
          Lair |   8152 |   7832 |    320 |    864 |   5921 |   6 | 1358.7 |
   Spider Nest |   3849 |   3673 |    176 |   1660 |   1415 |   3 | 1283.0 |
  Orcish Mines |   2228 |   2117 |    111 |    636 |   1014 |   2 | 1114.0 |
      Ice Cave |   1950 |   1950 |      0 |    917 |    525 |   1 | 1950.0 |
      Gauntlet |   1150 |   1150 |      0 |    389 |    284 |   1 | 1150.0 |
               +--------+--------+--------+--------+--------+-----+--------+

Top non-repeatable levels by time:
Spider:1: 2282 daAuts
   IceCv: 1950 daAuts
     D:7: 1868 daAuts
  Lair:2: 1791 daAuts
     D:5: 1615 daAuts
   Orc:1: 1589 daAuts
Spider:2: 1562 daAuts
     D:1: 1525 daAuts
  Lair:6: 1521 daAuts
     D:2: 1463 daAuts
    D:12: 1421 daAuts
  Lair:5: 1380 daAuts
     D:8: 1285 daAuts
    D:13: 1278 daAuts
  Lair:3: 1260 daAuts
